 Dungeon Crawl Stone Soup version 0.25.0-3-gd7cc5688da (webtiles) character file.

Game seed: 103934570742925030

29 Esekla the Slasher (level 3, 0/22 HPs)
             Began as a Deep Elf Chaos Knight on June 15, 2020.
             Was a Plaything of Xom.
             Slain by a quasit (1 damage)
             ... summoned by Xom
             ... on level 3 of the Dungeon.
             The game lasted 00:03:07 (325 turns).

Esekla the Slasher (Deep Elf Chaos Knight)           Turns: 325, Time: 00:03:07

Health: 0/22       AC:  5    Str:  9      XL:     3   Next: 1%
Magic:  5/5        EV: 12    Int: 16      God:    Xom [*.....]
Gold:   45         SH:  0    Dex: 12 (15) Spells: 2/2 levels left

rFire    . . .     SeeInvis .   a - +0 falchion (chaos)
rCold    . . .     Gourm    .   (no shield)
rNeg     . . .     Faith    .   b - +2 leather armour
rPois    .         Spirit   .   (no helmet)
rElec    .         Reflect  .   (no cloak)
rCorr    .         Harm     .   (no gloves)
MR       .....                  (no boots)
Stlth    +.........             (no amulet)
HPRegen  0.07/turn              (no ring)
MPRegen  0.09/turn              (no ring)

@: no status effects
A: no striking features
a: Renounce Religion


You were on level 3 of the Dungeon.
You worshipped Xom.
You were a special plaything of Xom.
You were not hungry.

You visited 1 branch of the dungeon, and saw 3 of its levels.

You collected 45 gold pieces.

Inventory:

Hand Weapons
 a - a +0 falchion of chaos (weapon)
 f - a +0 dagger of freezing
 g - a +0 spear
Armour
 b - a +2 leather armour (worn)
Scrolls
 d - a scroll of random uselessness {unknown}
 h - 2 scrolls of teleportation
 i - a scroll of identify {unknown}
 j - 3 scrolls of remove curse {unknown}
Potions
 e - a potion of lignification {unknown}
Comestibles
 c - a ration


   Skills:
 - Level 2.4 Fighting
 * Level 3.6 Long Blades
 + Level 0.7 Armour
 * Level 2.9 Dodging


You had 2 spell levels left.
You didn't know any spells.
Your spell library was empty.

Dungeon Overview and Level Annotations

Branches:
Dungeon (3/15)

Altars:
Xom


Message History

The quasit closely misses you.
An orc comes into view. It is wielding a +0 hand axe.
The orc shouts!
The quasit closely misses you.
You riposte.
You miss the quasit.
The quasit is heavily wounded.
The quasit claws you but does no damage.
The quasit closely misses you.
The rat twitches its whiskers.
The quasit bites you.
* * * LOW HITPOINT WARNING * * *
You feel clumsy. The quasit closely misses you.
The quasit claws you but does no damage.
You see here 3 scrolls labeled PAWERPH SEOCHYR.
j - 3 scrolls labeled PAWERPH SEOCHYR The quasit misses you.
You riposte.
You closely miss the quasit.
The quasit is heavily wounded.
The quasit claws you.
You die... "What!?
That's it?"

#.....#.#.# #
#..##.###
+.......# # #.$.
.. #....#.##.#
##.## ##
#....#.# .# ###
..# #....#.##.#
#.. ..#
#....#..#.# #.#
<#.# ####......#
#.# .#. #......#
#.#
#......#####@#
####.#.....5.#
#.#.###r#.......
#...# #.###...o.
##..###.# .....
####..#..5# #...
#....>..### ###
#.......#
#.......#


You could see a quasit (summoned, fast) and a rat.

Vanquished Creatures
  An adder (D:2)
  An ooze (D:1)
  A dart slug (D:3)
  A leopard gecko (D:2)
  A bat (D:3)
  A giant cockroach (D:1)
  A hobgoblin (D:2)
  3 kobolds (D:2)
  A frilled lizard (D:2)
  2 goblins
  2 rats
15 creatures vanquished.

Notes
Turn   | Place    | Note
-------+----------+-------------------------------------------
     0 | D:1      | Esekla the Deep Elf Chaos Knight began the quest for the
                  | Orb.
     0 | D:1      | Reached XP level 1. HP: 13/13 MP: 3/3
    24 | D:1      | XOM: silly message
    33 | D:1      | XOM: potion effect (might)
    38 | D:1      | Reached skill level 3 in Long Blades
    88 | D:1      | XOM: scenery: create altars
   146 | D:2      | Reached XP level 2. HP: 18/18 MP: 4/4
   297 | D:3      | Reached XP level 3. HP: 17/22 MP: 5/5
   303 | D:3      | XOM: summons 2 hostile demons
   324 | D:3      | HP: 1/22 [quasit[Xom] (2)]
   325 | D:3      | Slain by a quasit

Illustrated notes

Levels and vault maps discovered:
D:1:      dpeg_arrival_ternary, layout_basic
D:2:      minmay_door_path, layout_basic, serial_glass, glass_columns_a,
          glass_columns_a
D:3:      minmay_thinvault, layout_basic,
          grunt_temple_overflow_champion_of_chaos,
          lemuel_coloured_pillars_altar, portal_sewer_entry_e, uniq_robin

Skill      XL: |  1 |
---------------+----+-----
Long Blades    | 3 |  3.6
Fighting       | |  2.4
Armour         | |  0.7
Dodging        | |  2.9

Action                   || total
-------------------------++-------
Melee: Falchion          ||    54
  Use: Scroll            ||     1
Armor: Leather armour    ||    39
Dodge: Dodged            ||    74
       Rpst.: Falchion   ||    13
